Map: Eternal Empire LE

Players

Sevvy

  • Race: Zerg Zerg
  • League: Diamond
  • Spawn Location: 7:00

Munte - Winner!

  • Race: Zerg Zerg
  • Spawn Location: 1:00

VOD

Have the link to the VOD?

Description

Time

  • Played on: Sept. 17, 2020, 1:24 a.m.
  • Length: 13:51
Show
View Real Time Build Order
Export as new Build Order

Sevvy Zerg 

Build Orders: Pool First, Lurkers 

Get SALT Encoding   

  12  0:00  Drone  
  13  0:09  Drone  
  14  0:20  Extractor x2  
  14  0:21  Drone x2  
  16  0:37  Spawning Pool  
  15  0:43  Overlord  
  15  1:01  Drone x3  
  18  1:25  Zergling x2  
  19  1:26  Zergling x2  
  19  1:27  Hatchery  
  19  1:32  Queen  
  19  1:34  Zergling x2  
  22  1:44  Overlord  
  22  2:00  Spine Crawler  
  21  2:04  Drone  
  21  2:05  Extractor  
  21  2:10  Queen  
  23  2:19  Drone x2  
  24  2:33  Drone  
  25  2:44  Drone x5  
  26  2:47  Queen  
  32  3:04  Drone x4  
  36  3:13  Evolution Chamber  
  36  3:18  Evolution Chamber  
  34  3:30  Drone  
  34  3:31  Drone  
  36  3:37  Overlord  
  36  3:38  Roach Warren, Overlord x2  
  35  3:51  Hatchery  
  35  3:53  Extractor  
  33  3:56  Drone  
  33  3:57  Extractor, Drone x6  
  33  4:01  Extractor  
  38  4:18  Drone  
  38  4:19  Drone x5  
  44  4:27  Lair  
  44  4:28  Drone  
  44  4:29  Drone x3  
  48  4:37  Zerg Missile Weapons Level 1  
  48  4:55  Drone x2  
  48  4:56  Drone x2  
  48  4:58  Overlord  
  48  4:59  Overlord x2  
  52  5:26  Hydralisk Den  
  52  5:27  Metabolic Boost  
  51  5:35  Zergling x26  
  59  5:36  Zergling x4  
  59  5:42  Zerg Ground Armor Level 1  
  66  5:43  Queen  
  66  5:45  Queen  
  70  5:54  Drone  
  70  5:56  Zergling x8  
  75  6:02  Lurker Den  
  74  6:09  Overseer  
  74  6:16  Zergling x2  
  74  6:17  Zergling x14  
  82  6:58  Overlord x4  
  82  7:11  Spine Crawler  
  82  7:12  Spine Crawler  
  77  7:34  Overseer  
  64  7:39  Hydralisk x4  
  64  7:40  Hydralisk x4  
  70  8:07  Zerg Missile Weapons Level 2, Nydus Network  
  70  8:08  Zerg Ground Armor Level 2  
  68  8:13  Spine Crawler x2  
  68  8:14  Spine Crawler  
  65  8:22  Zergling x12  
  65  8:23  Zergling x8  
  65  8:24  Zergling x8  
  65  8:25  Zergling x2  
  80  8:30  Lurker x5  
  80  8:31  Lurker x3  
  79  8:56  Nydus Canal  
  75  9:06  Zergling x2  
  75  9:07  Zergling x32  
  71  9:50  Zergling x2  
  71  9:51  Zergling x16  
  59  10:14  Hydralisk x3  
  59  10:15  Hydralisk x3  
  68  10:36  Nydus Canal  
  66  10:55  Lurker x4  
  66  10:56  Lurker x2  
  71  10:58  Hydralisk x4  
  71  10:59  Hydralisk x5  
  86  11:07  Queen  
  86  11:08  Queen  
  90  11:14  Extractor  
  90  11:16  Hatchery  
  88  11:18  Extractor  
  88  11:25  Lurker  
  88  11:26  Lurker x5  
  94  11:32  Zergling x2  
  94  11:33  Zergling x8  
  98  11:51  Nydus Canal  
  98  11:55  Zergling x2  
  98  11:56  Zergling x10  
  87  12:54  Overseer  
  87  13:10  Nydus Canal  
Show
View Real Time Build Order
Export as new Build Order

Munte Zerg - Winner!

Build Orders: Hatch First 

Get SALT Encoding   

  12  0:01  Drone  
  13  0:12  Overlord  
  13  0:18  Drone  
  14  0:31  Drone x2  
  16  0:51  Hatchery  
  16  0:54  Drone  
  16  0:58  Drone  
  16  1:01  Drone  
  18  1:12  Extractor  
  18  1:17  Spawning Pool  
  16  1:20  Drone  
  16  1:24  Drone  
  18  1:28  Drone  
  19  1:40  Overlord  
  19  1:53  Drone  
  20  2:04  Zergling x4, Queen  
  20  2:05  Queen  
  26  2:17  Zergling x2  
  26  2:18  Metabolic Boost  
  26  2:21  Zergling x2  
  27  2:32  Zergling x4  
  28  2:41  Zergling x4  
  30  2:46  Drone  
  31  3:02  Drone  
  31  3:03  Drone  
  33  3:08  Baneling Nest  
  33  3:09  Drone  
  33  3:13  Hatchery  
  33  3:17  Drone  
  33  3:18  Drone  
  34  3:30  Overlord  
  34  3:36  Drone  
  34  3:38  Overlord  
  35  3:47  Drone  
  35  3:48  Queen  
  38  3:52  Evolution Chamber  
  37  3:56  Evolution Chamber, Drone  
  36  4:19  Drone x6, Roach Warren  
  41  4:29  Lair  
  41  4:34  Extractor, Drone x2  
  42  4:52  Zerg Missile Weapons Level 1  
  42  4:53  Drone x3  
  42  4:57  Drone x4  
  42  4:58  Drone x2  
  51  5:01  Extractor  
  51  5:05  Zerg Ground Armor Level 1  
  50  5:13  Overlord  
  50  5:14  Overlord  
  50  5:17  Overlord  
  50  5:25  Drone x3  
  53  5:29  Roach  
  53  5:30  Glial Reconstitution  
  53  5:33  Roach  
  53  5:34  Roach  
  59  5:38  Drone  
  59  5:39  Extractor, Drone  
  59  5:40  Drone  
  61  5:52  Roach x4  
  61  5:53  Roach  
  71  5:59  Overseer  
  71  6:04  Overlord  
  71  6:05  Overlord  
  71  6:06  Overlord  
  71  6:17  Drone x3  
  74  6:22  Hydralisk Den, Drone  
  74  6:41  Roach  
  74  6:42  Roach x8  
  92  6:54  Drone x5  
  93  6:56  Overlord  
  93  6:57  Overlord  
  97  7:08  Zerg Missile Weapons Level 2  
  97  7:19  Roach  
  97  7:20  Roach x7  
  105  7:37  Muscular Augments  
  105  7:41  Lurker Den  
  99  8:06  Lurker Den  
  98  8:15  Queen  
  100  8:20  Extractor  
  100  8:21  Extractor, Hatchery  
  100  8:22  Hydralisk  
  100  8:23  Hydralisk x7  
  87  9:04  Hydralisk  
  87  9:05  Hydralisk x8  
  105  9:10  Spore Crawler  
  105  9:11  Overseer  
  74  9:50  Roach x2  
  74  9:51  Roach x12  
  97  10:07  Drone x6  
  98  10:10  Queen  
  105  10:22  Spine Crawler  
  103  10:37  Drone x3  
  103  10:38  Drone x4  
  110  10:45  Drone x2  
  110  10:46  Drone  
  110  10:47  Drone x3  
  112  10:57  Zerg Ground Armor Level 2  
  112  11:07  Spine Crawler  
  112  11:09  Spine Crawler x2  
  109  11:12  Drone x4  
  109  11:13  Drone x3, Queen  
  109  11:17  Spine Crawler  
  117  11:20  Hydralisk Den  
  116  11:39  Spore Crawler  
  115  11:40  Overlord  
  115  11:41  Overlord  
  115  11:42  Overlord  
  115  11:44  Pneumatized Carapace  
  115  11:45  Drone x4  
  119  11:58  Infestation Pit  
  118  12:03  Drone x3  
  118  12:04  Hydralisk  
  118  12:05  Hydralisk x7  
  132  12:32  Ravager  
  132  12:33  Ravager x9  
  132  12:34  Ravager x4  
  140  12:39  Overlord x3  
  140  12:40  Overlord  
  136  13:02  Overseer x2  
Tags
 
Composition
Lurkers
League
Diamond
Matchup
ZvZ
Race
Zerg
Spawn Locations
Cross Positions
Add a new tag
Caveats
  • Supply blocks, unpowered buildings, or Contaminate may cause inaccurate times.
  • Supply counts are checked every 10 seconds.